 Dungeon Crawl Stone Soup version 0.31.0-9-g3a7656b989 (webtiles) character file.

Game seed: 11954345793657697884

345 Esekla the Magician (level 6, -4/32 HPs)
             Began as a Vine Stalker Cinder Acolyte on Jan 24, 2024.
             Was a High Priest of Ignis.
             Slain by a gnoll bouda
             ... wielding a +0 whip
              (6 damage)
             ... on level 3 of the Dungeon.
             The game lasted 00:13:38 (2993 turns).

Esekla the Magician (Vine Stalker Cinder Acolyte)   Turns: 2993, Time: 00:13:39

Health: -4/32      AC:  2    Str: 17    XL:     6   Next: 58%
Magic:  0/13       EV: 11    Int: 16    God:    Ignis [*****.]
Gold:   171        SH:  0    Dex:  9    Spells: 11/13 levels left

rFire   + . .        a - -1 falchion (flame)
rCold   . . .        (no shield)
rNeg    . . .        b - +0 robe
rPois   .            (no helmet)
rElec   .            (no cloak)
rCorr   .            (no gloves)
SInv    +            (no boots)
Will    .....        m - amulet of regeneration
Stlth   +            e - ring of see invisible
HPRegen 1.85/turn    (no ring)
MPRegen 0.13/turn

%: guardian spirit
@: weakened
A: fangs 2, regeneration 1, magic shield, antimagic bite, no potion heal 2
a: Renounce Religion, Fiery Armour, Foxfire Swarm, Rising Flame


You were on level 3 of the Dungeon.
You worshipped Ignis.
Ignis was extremely pleased with you.
You visited 1 branch of the dungeon, and saw 4 of its levels.

You collected 171 gold pieces.

Inventory:

Hand Weapons
 a - a -1 falchion of flaming (weapon)
 s - a +0 dagger
 w - a +0 falchion of holy wrath
Missiles
 f - 5 poisoned darts (quivered)
Armour
 b - a +0 robe (worn)
 p - a +1 leather armour of cold resistance
Jewellery
 e - a ring of see invisible (left hand)
 m - an amulet of regeneration (around neck)
Scrolls
 c - a scroll of identify {unknown}
 k - a scroll of enchant armour {unknown}
 l - 2 scrolls of fog {unknown}
 n - 2 scrolls of revelation {unknown}
 o - a scroll of poison {unknown}
Potions
 d - 2 potions of degeneration {unknown}
 g - a potion of enlightenment {unknown}
 h - a potion of attraction {unknown}
 i - a potion of berserk rage {unknown}
 j - a potion of heal wounds {unknown}


   Skills:
 * Level 3.6 Fighting
 + Level 3.2 Long Blades
 + Level 0.8 Dodging
 + Level 1.3 Stealth
 * Level 4.3 Spellcasting
 + Level 4.1 Fire Magic


You had 11 spell levels left.
You knew the following spells:

 Your Spells              Type           Power      Damage    Failure   Level
o - Scorch                Fire           32%        2d6       4%          2

Your spell library contained the following spells:

 Spells                   Type           Power      Damage    Failure   Level


Dungeon Overview and Level Annotations

Branches:
Dungeon (4/15)
 Temple: D:4-7

Altars:
Gozag
Zin

Annotations:
D:4 Edmund


Innate Abilities, Weirdness & Mutations

You have extremely sharp teeth.
Your natural rate of healing is unusually fast.
When hurt, damage is shared between your health and your magic reserves.
Your bite disrupts and absorbs the magic of your enemies.
Potions cannot restore your health.


Message History

The gnoll bouda closely misses you.
You hit the gnoll bouda but do no damage.
The gnoll bouda is severely wounded.
The gnoll bouda gazes fiercely through you!
You feel as though you will be weak longer.
The gnoll bouda hits you with a +0 whip!
Casting: Scorch (safe; 4% risk of failure)
Confirm with . or Enter, or press ? or * to list all spells.
Flames lash the gnoll.
The gnoll is almost dead.
The gnoll's fire resistance burns away.
The gnoll bouda gazes fiercely through you!
You feel as though you will be weak longer.
The gnoll bouda hits you with a +0 whip.
Casting: Scorch (safe; 4% risk of failure)
Confirm with . or Enter, or press ? or * to list all spells.
Flames lash the gnoll.
The gnoll is burned terribly!
You kill the gnoll!
The gnoll bouda hits you with a +0 whip!
* * * LOW HITPOINT WARNING * * *
Casting: Scorch (safe; 4% risk of failure)
Confirm with . or Enter, or press ? or * to list all spells.
You don't have enough magic to cast this spell.
You barely miss the gnoll bouda.
The gnoll bouda is severely wounded.
The gnoll bouda gazes fiercely through you!
You feel as though you will be weak longer.
The gnoll bouda hits you with a +0 whip.
* * * LOW HITPOINT WARNING * * *
You barely miss the gnoll bouda.
The gnoll bouda is severely wounded.
The gnoll bouda is no longer more vulnerable to fire.
The gnoll bouda closely misses you.
You hit the gnoll bouda but do no damage.
You bite the gnoll bouda. You drain its power.
You feel invigorated.
The gnoll bouda is severely wounded.
The gnoll bouda hits you with a +0 whip!
* * * LOW HITPOINT WARNING * * *
The gnoll bouda hits you with a +0 whip!
You die...

#.~~~.§..#######.#
#....#### #.~~§§P#.#
#.#######.#..P..##
#.§.§~§#.###
###.#...........P...
....§..#...#
#.............P....#
##..##...#.#
#.#.#.#######....#.#
#.#####.#.###.#.#.#
######.#
#..............>).#
#.#
####.#.########g###
#.# #####.#.# #@#
##.# ........# #.#
#...
.####.##########.#
###########..# ..#
#............#
#............. ..#
##############
#.########.... ..#
#.# #..## ..#
#.########..##
..##########
####.##..........
...........#
#............####


You could see a gnoll bouda.

Vanquished Creatures
  Eustachio (D:4)
  Natasha (twice) (D:4 D:3)
  A hound zombie (D:3)
  6 gnolls
  An adder (D:3)
  An adder zombie (D:3)
  An adder skeleton (D:3)
  2 orcs (D:3)
  8 endoplasms
  3 giant cockroaches
  4 goblins
  5 hobgoblins
  6 jackals
  3 kobolds
  4 quokkas
  9 ball pythons
  A ball python zombie (D:3)
  3 bats
  3 frilled lizards (D:1)
  2 rats (D:1)
66 creatures vanquished.

Notes
Turn   | Place    | Note
-------+----------+-------------------------------------------
     0 | D:1      | Esekla the Vine Stalker Cinder Acolyte began the quest for
                  | the Orb.
     0 | D:1      | Reached XP level 1. HP: 11/11 MP: 3/3
   260 | D:2      | Reached XP level 2. HP: 16/16 MP: 5/5
   265 | D:2      | Learned a level 2 spell: Scorch
   650 | D:1      | Reached XP level 3. HP: 20/20 MP: 1/6
  1252 | D:2      | Found a faded altar of an unknown god.
  1937 | D:3      | Reached XP level 4. HP: 24/24 MP: 8/8
  2335 | D:3      | Found an opulent altar of Gozag.
  2336 | D:3      | Found an opulent altar of Gozag.
  2341 | D:3      | Found an opulent altar of Gozag.
  2354 | D:3      | Found an opulent altar of Gozag.
  2410 | D:4      | Noticed Natasha
  2412 | D:4      | Killed Natasha
  2445 | D:4      | Noticed Eustachio
  2474 | D:4      | Killed Eustachio
  2475 | D:4      | Reached skill level 1 in Stealth
  2475 | D:4      | Reached XP level 5. HP: 23/28 MP: 1/12
  2475 | D:4      | Reached XP level 6. HP: 26/32 MP: 1/13
  2525 | D:4      | Noticed Edmund
  2824 | D:3      | Found a faded altar of an unknown god.
  2829 | D:3      | Found a glowing silver altar of Zin.
  2876 | D:4      | Noticed Natasha
  2886 | D:3      | Killed Natasha
  2993 | D:3      | Slain by a gnoll bouda

Illustrated notes

Levels and vault maps discovered:
D:1:      kennysheep_arrival_forest, layout_loops_ring
D:2:      layout_loops_cross, ebering_ecumenical_altar_petrified
D:3:      layout_loops_ring, nicolae_overflow_ecumenical_swirl,
          nicolae_gozag_conspicuous_consumption, serial_undead, serial_undead_f,
          serial_undead_e, serial_undead_e, serial_undead_b
D:4:      layout_basic, old_standard_altar, minmay_misc_feat_tower,
          serial_library_hellmonk_long_bookcase, uniq_eustachio, uniq_natasha,
          uniq_edmund

Skill      XL: |  1  2  3  4  5  6 |
---------------+-------------------+-----
Fighting       | 3 |  3.6
Spellcasting   | 2 4 |  4.3
Long Blades    | 3 |  3.2
Stealth        | 1 |  1.3
Fire Magic     | 4 |  4.1
Dodging        | |  0.8

Action                     |  1- 3 |  4- 6 || total
---------------------------+-------+-------++-------
  Melee: Falchion          |    83 |    55 ||   138
         Bite              |    12 |    13 ||    25
         Dagger            |       |     2 ||     2
         Punch             |       |     1 ||     1
  Throw: Dart              |       |     2 ||     2
   Cast: Scorch            |    22 |    23 ||    45
 Invoke: Fiery Armour      |       |     1 ||     1
   Stab: Sleeping          |       |     1 ||     1
 Armour: Robe              |    40 |    47 ||    87
  Dodge: Dodged            |    55 |    44 ||    99
